 Dungeon Crawl Stone Soup version 0.28-a0-1510-gd0f6b136d3 (webtiles) character file.

Game seed: 11470427314567866331

64 Morgenrath the Chopper (level 4, -2/38 HPs)
             Began as a Gnoll Wanderer on Jan 15, 2022.
             Slain by an orc (4 damage)
             ... on level 4 of the Dungeon.
             The game lasted 00:07:49 (1154 turns).

Morgenrath the Chopper (Gnoll Wanderer)             Turns: 1154, Time: 00:07:51

Health: -2/38      AC:  7    Str: 15    XL:     4   Next: 12%
Magic:  11/11      EV: 11    Int: 11    God:
Gold:   11         SH:  0    Dex: 10    Spells: 13/13 levels left

rFire   . . .      SeeInvis +   f - +0 short sword (drain)
rCold   . . .      Faith    .   (no shield)
rNeg    . . .      Spirit   .   c - +0 leather armour
rPois   .          Reflect  .   e - +2 helmet {SInv}
rElec   .          Harm     .   (no cloak)
rCorr   .          Rampage  .   (no gloves)
Will    .....                   b - +0 pair of boots
Stlth   ++........              (no amulet)
HPRegen 0.12/turn               (no ring)
MPRegen 0.12/turn               (no ring)

@: no status effects
A: fangs 1, strong nose, distributed training
a: no special abilities


You were on level 4 of the Dungeon.
You visited 1 branch of the dungeon, and saw 3 of its levels.

You collected 11 gold pieces.

Inventory:

Hand Weapons
 f - a +0 short sword of draining (weapon)
Armour
 b - a +0 pair of boots (worn)
 c - a +0 leather armour (worn)
 e - a +2 helmet of see invisible (worn)
Scrolls
 a - a scroll of silence {unknown}
Potions
 d - a potion of lignification {unknown}
 g - a potion of resistance {unknown}


   Skills:
 + Level 4.6 Fighting
 + Level 1.0 Short Blades
 + Level 1.0 Long Blades
 + Level 6.6 Axes
 + Level 1.0 Maces & Flails
 + Level 1.0 Polearms
 + Level 1.0 Staves
 + Level 1.0 Slings
 + Level 1.0 Bows
 + Level 1.0 Crossbows
 + Level 1.0 Throwing
 + Level 1.0 Armour
 + Level 1.0 Dodging
 + Level 2.5 Stealth
 + Level 1.0 Shields
 + Level 1.0 Unarmed Combat
 + Level 5.0 Spellcasting
 + Level 0.8 Conjurations
 + Level 0.8 Hexes
 + Level 0.8 Summonings
 + Level 0.8 Necromancy
 + Level 0.8 Translocations
 + Level 0.8 Transmutations
 + Level 0.8 Fire Magic
 + Level 0.8 Ice Magic
 + Level 0.8 Air Magic
 + Level 0.8 Earth Magic
 + Level 0.8 Poison Magic
 + Level 2.8 Invocations
 + Level 1.0 Evocations


You had 13 spell levels left.
You didn't know any spells.
Your spell library contained the following spells:

 Spells                   Type           Power      Damage    Failure   Level
 Animate Skeleton         Necr           8%         N/A       19%         1
 Beastly Appendage        Tmut           8%         N/A       19%         1
 Magic Dart               Conj           16%        1d3       19%         1
 Sting                    Tmut/Pois      16%        1d3       19%         1
 Ensorcelled Hibernation  Hex/Ice        8%         N/A       28%         2
 Passwall                 Tmut/Erth      3%         N/A       28%         2
 Swiftness                Air            4%         N/A       50%         3


Dungeon Overview and Level Annotations

Branches:
Dungeon (2/15)

Altars:


Innate Abilities, Weirdness & Mutations

You have very sharp teeth.
Your uncanny sense of smell can sniff out nearby items.
Your experience applies equally to all skills.


Message History

The orc wizard is lightly wounded.
The hound skeleton bites you. The orc hits you but does no damage. x2
The orc wizard barely misses you.
You hit the orc wizard but do no damage.
You drain the orc wizard. Your bite misses the orc wizard.
The orc wizard is moderately wounded.
The orc hits you but does no damage. The hound skeleton barely misses you.
The orc barely misses you. The orc hits you but does no damage.
The orc wizard hits you with a +0 dagger of protection.
You hit the orc wizard but do no damage.
The orc wizard is moderately wounded.
The hound skeleton barely misses you. The orc closely misses you.
The orc completely misses you.
The hound skeleton bites you but does no damage.
The orc barely misses you.
The orc wizard points at you and mumbles some strange words.
You resist with some effort.
You hit the orc wizard but do no damage.
You drain the orc wizard. Your bite misses the orc wizard.
The orc wizard is heavily wounded.
The orc hits you with a +0 flail.
* * * LOW HITPOINT WARNING * * *
The hound skeleton bites you.
* * * LOW HITPOINT WARNING * * *
The orc completely misses you. The orc hits you but does no damage.
The orc wizard hits you but does no damage.
You hit the orc wizard but do no damage.
The orc wizard is heavily wounded.
The orc barely misses you. The hound skeleton barely misses you.
The orc hits you but does no damage. The orc hits you with a +0 short sword.
* * * LOW HITPOINT WARNING * * *
The orc wizard barely misses you.
Unknown command.
You hit the orc wizard. You drain the orc wizard.
The orc wizard is almost dead.
The hound skeleton bites you but does no damage.
The orc hits you with a +0 flail.
* * * LOW HITPOINT WARNING * * *
The orc hits you with a +0 flail.
You die...

... ##.............
....######..............
......#..$.......$.....#
....$..................#
......................##
..............####....#
.............## #..##
......ooZ#.### ..#
......o@#### ##
......o## ...#### ##


You could see an orc wizard (invisible, drained), 3 orcs and a hound skeleton.

Vanquished Creatures
  An orc wizard (D:4)
  2 dart slugs (D:1)
  6 ball pythons (D:1)
  3 endoplasms (D:1)
  7 goblins (D:1)
  A hobgoblin (D:1)
  3 jackals (D:4)
  2 bats (D:1)
  3 frilled lizards (D:1)
  3 kobolds (D:1)
  3 rats (D:1)
34 creatures vanquished.

Notes
Turn   | Place    | Note
-------+----------+-------------------------------------------
     0 | D:1      | Morgenrath the Gnoll Wanderer began the quest for the Orb.
     0 | D:1      | Morgenrath set off with the following items: a +0 hand axe,
                  | a +0 pair of boots, a +0 leather armour; and the following
                  | spells available to memorise: Animate Skeleton, Beastly
                  | Appendage, Magic Dart, Sting
     0 | D:1      | Reached XP level 1. HP: 20/20 MP: 6/6
    90 | D:1      | Reached XP level 2. HP: 26/26 MP: 7/7
   512 | D:1      | Reached XP level 3. HP: 31/31 MP: 9/9
   577 | D:1      | Reached skill level 5 in Spellcasting
  1120 | D:2      | You fall into a shaft and drop 2 floors!
  1149 | D:4      | Reached skill level 1 in Short Blades
  1149 | D:4      | Reached skill level 1 in Long Blades
  1149 | D:4      | Reached skill level 1 in Maces & Flails
  1149 | D:4      | Reached skill level 1 in Polearms
  1149 | D:4      | Reached skill level 1 in Staves
  1149 | D:4      | Reached skill level 1 in Slings
  1149 | D:4      | Reached skill level 1 in Bows
  1149 | D:4      | Reached skill level 1 in Crossbows
  1149 | D:4      | Reached skill level 1 in Throwing
  1149 | D:4      | Reached skill level 1 in Armour
  1149 | D:4      | Reached skill level 1 in Dodging
  1149 | D:4      | Reached skill level 1 in Shields
  1149 | D:4      | Reached skill level 1 in Unarmed Combat
  1149 | D:4      | Reached skill level 1 in Evocations
  1149 | D:4      | Reached XP level 4. HP: 17/38 MP: 11/11
  1154 | D:4      | Slain by an orc

Illustrated notes

Levels and vault maps discovered:
D:1:      amcnicky_arrival_underground_garden, layout_basic,
          hangedman_abyss_or_decor_lesser_grid
D:2:      layout_loops_ring, basic_altar, grunt_ministairs_7
D:4:      layout_layer_cave, nicolae_ru_path_of_blood, uniq_menkaure,
          uniq_robin, uniq_natasha, uniq_grinder

Skill      XL: |  1  2  3 |
---------------+----------+-----
Spellcasting   | 5 |  5.0
Short Blades   | 1 |  1.0
Long Blades    | 1 |  1.0
Maces & Flails | 1 |  1.0
Polearms       | 1 |  1.0
Staves         | 1 |  1.0
Slings         | 1 |  1.0
Bows           | 1 |  1.0
Crossbows      | 1 |  1.0
Throwing       | 1 |  1.0
Armour         | 1 |  1.0
Dodging        | 1 |  1.0
Shields        | 1 |  1.0
Unarmed Combat | 1 |  1.0
Evocations     | 1 |  1.0
Fighting       | |  4.6
Axes           | |  6.6
Stealth        | |  2.5
Conjurations   | |  0.8
Hexes          | |  0.8
Summonings     | |  0.8
Necromancy     | |  0.8
Translocations | |  0.8
Transmutations | |  0.8
Fire Magic     | |  0.8
Ice Magic      | |  0.8
Air Magic      | |  0.8
Earth Magic    | |  0.8
Poison Magic   | |  0.8
Invocations    | |  2.8

Action                   |  1- 3 |  4- 6 || total
-------------------------+-------+-------++-------
Melee: Hand axe          |    23 |       ||    23
       Short sword       |    83 |     6 ||    89
       Bite              |     7 |       ||     7
       Punch             |     1 |       ||     1
 Stab: Sleeping          |     3 |       ||     3
Armor: Leather armour    |    57 |     9 ||    66
Dodge: Dodged            |    73 |    11 ||    84

Table legend: (Time is in decaauts)
 A = Elapsed time spent in this place.
 B = Non-inter-level travel time spent in this place.
 C = Inter-level travel time spent in this place.
 D = Time resting spent in this place.
 E = Time spent auto-exploring this place.
 F = Levels seen in this place.
 G = Mean time per level.
                   A        B        C        D        E       F      G
               +--------+--------+--------+--------+--------+-----+--------+
         Total |   1158 |   1158 |      0 |      0 |    856 |   3 |  386.0 |
       Dungeon |   1158 |   1158 |      0 |      0 |    856 |   3 |  386.0 |
               +--------+--------+--------+--------+--------+-----+--------+

Top non-repeatable levels by time:
     D:1: 1123 daAuts
     D:4: 34 daAuts
